 Dungeon Crawl Stone Soup version 0.14.0-24-gfb45beb (webtiles) character file.

222 Heini the Skirmisher (level 4, 0/61 HPs)
             Began as a Minotaur Berserker on Apr 22, 2014.
             Was a Believer of Trog.
             Slain by an orc
             ... wielding a +0,+0 dagger
              (1 damage)
             ... on Level 3 of the Dungeon.
             The game lasted 00:04:02 (1222 turns).

Heini the Skirmisher (Minotaur Berserker)           Turns: 1222, Time: 00:04:03

HP   0/61        AC  5     Str 26      XL: 4   Next: 21%
MP   2/2         EV 10     Int  4      God: Trog [**....]
Gold 140         SH  0     Dex 11      Spells:  0 memorised,  3 levels left

rFire  . . .     SeeInvis .     a - +0 mace
rCold  . . .     Clarity  .     g - +0 ring mail
rNeg   . . .     Conserve .     (no shield)
rPois  .         rCorr    .     (helmet restricted)
rElec  .         rRot     .     (no cloak)
SustAb . .       Spirit   .     (no gloves)
rMut   .         Warding  .     (no boots)
Saprov . . .     Stasis   .     (no amulet)
MR     .....                    (no ring)
                                (no ring)

@: berserking, very quick, not resistant to hostile enchantments, extremely
unstealthy
A: retaliatory headbutt, horns 2
a: Burn Spellbooks, Berserk, Trog's Hand, Renounce Religion


You were on level 3 of the Dungeon.
You worshipped Trog.
Trog was pleased with you.
You were hungry.

You visited 1 branch of the dungeon, and saw 3 of its levels.

You collected 140 gold pieces.

Inventory:

Hand weapons
 a - a +0,+0 mace (weapon)
Armour
 b - a +0 animal skin
 g - a +0 ring mail (worn)
Comestibles
 c - 3 bread rations
 f - a meat ration
 l - a choko
Scrolls
 d - a scroll of immolation {unknown}
 h - 2 scrolls of remove curse {unknown}
 n - 2 scrolls of random uselessness {unknown}
 s - 3 scrolls of teleportation {unknown}
 t - a scroll of identify {unknown}
 w - a scroll of fear {unknown}
 y - a scroll of magic mapping {unknown}
Jewellery
 e - an uncursed amulet of the gourmand {unknown}
 j - an uncursed ring of see invisible {unknown}
 z - a cursed -3 ring of intelligence {unknown}
Potions
 i - a potion of agility {unknown}
 k - 3 potions of brilliance {unknown}
 m - a potion of lignification {unknown}
 o - a potion of confusion {unknown}
 q - a potion of restore abilities {unknown}
 v - 3 potions of poison {unknown}
 x - a potion of paralysis {unknown}


   Skills:
 * Level 4.8 Fighting
 * Level 4.5 Maces & Flails
 * Level 3.0 Armour
 + Level 2.6 Dodging


You had 3 spell levels left.
You didn't know any spells.

Dungeon Overview and Level Annotations

Branches:
Dungeon (3/15)

Altars:


Innate Abilities, Weirdness & Mutations

You reflexively headbutt those who attack you in melee.
You have a pair of horns on your head.


Message History

You kill the goblin!
Trog accepts your kill.
The orc wizard unwields an uncursed club.
The orc wizard drops an uncursed club.
The orc wizard picks up a whip.
The orc wizard wields a whip.
You hit the kobold.
You kill the kobold!
Trog accepts your kill.
The orc wizard gestures at you while chanting.
You resist.
The orc wizard points at you and mumbles some strange words.
The puff of flame hits you!
* * * LOW HITPOINT WARNING * * *
You hit the orc. Your headbutt misses the orc.
The orc is moderately wounded.
The orc wizard mumbles some strange words.
The orc wizard flickers and vanishes!
Deactivating autopickup; reactivate with Ctrl-A.
The orc hits you with a dagger.
You die...

#....................#
......................#
..####..####...#######
#..# #...# #..# #...#
#.(####...#
.####(........###
.........(.%.......
.........@o{......
######....o.......
#.....$.....
#...........
#...........
........... ...........
.....#### ..#


You could see an orc wizard and an orc.

Vanquished Creatures
  3 adders
  A giant mite (D:2)
  A giant gecko (D:1)
  An ooze (D:2)
  2 orcs (D:3)
  6 bats
  7 hobgoblins
  A quokka (D:2)
  A giant cockroach (D:2)
  2 giant newts
  5 goblins
  6 kobolds
  8 rats
44 creatures vanquished.

Notes
Turn   | Place    | Note
--------------------------------------------------------------
     0 | D:1      | Heini, the Minotaur Berserker, began the quest for the Orb.
     0 | D:1      | Reached XP level 1. HP: 19/19 MP: 1/1
   236 | D:1      | Reached XP level 2. HP: 27/27 MP: 1/1
   281 | D:1      | Reached skill level 4 in Fighting
   531 | D:2      | Acquired Trog's second power
   669 | D:2      | Reached XP level 3. HP: 32/34 MP: 2/2
  1090 | D:3      | Reached XP level 4. HP: 19/41 MP: 2/2
  1221 | D:3      | HP: 1/61 [orc wizard/puff of flame (10)]
  1222 | D:3      | Slain by an orc

Action                   |  1- 3 |  4- 6 || total
-------------------------+-------+-------++-------
Melee: Mace              |    84 |     7 ||    91
Invok: Berserk           |       |     1 ||     1
